AoeStats
← Abacaxi de Marataízes ^_~

Highland

504862538Analyzed
4v4 RM · 26d ago on Sep 6, 2026· 95m 33s· 8 players
Game mode
Random Map
Map size
Large (8 player)
Population
200
Speed
Normal
Resources
Standard
Victory
Conquest
Starting age
Dark Age
Ending age
Imperial Age
RankedLock teamsTeams togetherTeam positionsShared explorationLock speedFull tech treeHidden civsTurbo modeCheats
Victory
Defeat
🇨🇴 Romans · Colombia
890
+14
🇬🇧 Ethiopians · United Kingdom
863
+23
🇧🇷 Inca · Brazil
813
+17
🇲🇽 Burgundians · Mexico
783
+18
🇪🇸 Teutons · Spain
844
-16
🇩🇪 Magyars · Germany
843
-16
🇬🇧 Britons · United Kingdom
839
-16
🇸🇰 Bohemians · Slovakia
835
-16
djd1993
12:21 Feudal Age
18:41 Castle Age
17:27 Double-Bit Axe
19:25 Man-at-Arms
20:22 Forging
20:23 Gold Mining
20:37 Horse Collar
21:19 Bow Saw
21:47 Gold Shaft Mining
27:43 Fletching
27:56 Padded Archer Armor
28:03 Scale Barding Armor
28:35 Iron Casting
TrueCrime
0:29 Loom
13:54 Feudal Age
15:14 Double-Bit Axe
15:12 Horse Collar
16:31 Gold Mining
20:16 Castle Age
19:35 Stone Mining
22:02 Wheelbarrow
27:52 Corvinian Army
29:16 Bloodlines
30:15 Husbandry
30:49 Scale Mail Armor
32:20 Scale Barding Armor
33:47 Chain Barding Armor
34:28 Heavy Plow
34:42 Bow Saw
35:58 Thumb Ring
36:36 Gold Shaft Mining
36:03 Padded Archer Armor
35:54 Fletching
36:45 Hand Cart
39:14 Imperial Age
36:52 Elite Skirmisher
39:20 Elite Magyar Huszar
40:36 Conscription
43:58 Heavy Cavalry Archer
45:03 Parthian Tactics
48:21 Plate Barding Armor
48:02 Leather Archer Armor
47:43 Bodkin Arrow
50:11 Recurve Bow
51:58 Ring Archer Armor
51:28 Bracer
52:44 Chemistry
52:04 Ballistics
54:03 Chain Mail Armor
Morty Lawyer
11:38 Loom
14:21 Feudal Age
15:42 Man-at-Arms
16:20 Double-Bit Axe
17:16 Wheelbarrow
22:46 Castle Age
22:42 Wheelbarrow
23:19 Scale Mail Armor
23:30 Forging
33:52 Imperial Age
31:57 Pikeman
32:38 Squires
33:38 Horse Collar
35:13 Chain Mail Armor
35:36 Iron Casting
35:02 Padded Archer Armor
34:53 Fletching
36:08 Chemistry
35:19 Masonry
35:45 Conscription
37:38 Gold Mining
38:22 Plate Mail Armor
39:28 Scale Barding Armor
39:21 Bodkin Arrow
41:25 Hand Cart
41:44 Ballistics
41:49 Chain Barding Armor
42:18 Bow Saw
42:50 Cavalier
43:42 Bloodlines
45:09 Two-Man Saw
46:03 Town Watch
48:45 Leather Archer Armor
49:31 Blast Furnace
48:58 Crenellations
49:15 Hoardings
48:53 Arrowslits
49:21 Heavy Plow
50:07 Ring Archer Armor
52:21 Town Patrol
52:58 Plate Barding Armor
53:21 Crop Rotation
54:59 Elite Teutonic Knight
55:34 Elite Skirmisher
57:29 Stone Mining
58:30 Bombard Tower
58:22 Fortified Wall
57:37 Onager
60:35 Ironclad
68:06 Guard Tower
77:35 Heavy Scorpion
83:48 Keep
86:33 Long Swordsman
87:00 Gambesons
95:16 Stone Shaft Mining
94:29 Long Swordsman
Busonada-2017
0:51 Loom
1:35 Loom
11:51 Feudal Age
17:15 Double-Bit Axe
20:29 Castle Age
22:26 Horse Collar
25:07 Heavy Plow
27:55 Bow Saw
richi_maron_90
1:21 Wheelbarrow
10:38 Double-Bit Axe
14:52 Feudal Age
14:17 Gold Mining
14:18 Stone Mining
14:16 Loom
20:53 Hand Cart
20:52 Bow Saw
22:08 Man-at-Arms
23:18 Scale Mail Armor
23:32 Forging
26:59 Castle Age
30:52 Two-Man Saw
29:22 Long Swordsman
30:04 Squires
29:49 Arson
29:48 Horse Collar
30:29 Cavalier
31:09 Husbandry
30:30 Light Cavalry
32:29 Iron Casting
32:10 Chain Mail Armor
32:00 Scale Barding Armor
34:35 Imperial Age
31:37 Pikeman
32:31 Burgundian Vineyards
34:21 Heavy Plow
37:06 Conscription
36:13 Paladin
36:20 Hussar
38:37 Two-Handed Swordsman
43:11 Blast Furnace
42:42 Plate Mail Armor
42:32 Chain Barding Armor
42:13 Padded Archer Armor
42:03 Fletching
43:01 Champion
44:08 Halberdier
46:46 Plate Barding Armor
48:55 Elite Skirmisher
49:47 Bodkin Arrow
50:08 Leather Archer Armor
51:34 Chemistry
50:55 Ballistics
50:15 Treadmill Crane
50:31 Murder Holes
50:47 Fortified Wall
50:47 Masonry
50:29 Guard Tower
51:58 Gold Shaft Mining
51:59 Stone Shaft Mining
51:28 Bracer
53:32 Elite Coustillier
61:12 Crop Rotation
63:10 Bombard Tower
63:22 Architecture
63:30 Keep
62:43 Arrowslits
75:13 Caravan
75:25 Guilds
Ulises
8:26 Loom
10:13 Feudal Age
14:11 Double-Bit Axe
14:08 Horse Collar
17:11 Bloodlines
22:13 Castle Age
21:08 Scale Barding Armor
23:29 Forging
23:25 Scale Barding Armor
23:26 Heavy Plow
24:43 Bow Saw
24:42 Husbandry
29:53 Iron Casting
29:39 Chain Barding Armor
29:32 Gold Mining
29:32 Stone Mining
31:04 Wheelbarrow
35:31 Gold Shaft Mining
36:08 Hand Cart
35:41 Town Watch
36:37 Town Patrol
38:45 Ballistas
41:25 Imperial Age
38:56 Murder Holes
39:28 Ballistics
39:22 Masonry
39:11 Fletching
41:48 Bodkin Arrow
44:12 Cavalier
46:30 Chemistry
45:37 Siege Engineers
46:23 Plate Barding Armor
46:49 Blast Furnace
49:20 Conscription
52:08 Heavy Scorpion
60:16 Caravan
60:47 Coinage
64:44 Architecture
65:03 Light Cavalry
66:13 Comitatenses
67:37 Padded Archer Armor
75:03 Banking
83:45 Crop Rotation
88:55 Capped Ram
89:54 Siege Ram
EL JAY
8:00 Loom
9:58 Feudal Age
21:00 Castle Age
20:14 Double-Bit Axe
20:21 Horse Collar
22:42 Crossbowman
23:13 Fletching
25:43 Padded Archer Armor
28:26 Bodkin Arrow
32:40 Bow Saw
32:23 Gold Mining
35:36 Leather Archer Armor
36:38 Wheelbarrow
36:08 Heavy Plow
38:23 Scale Mail Armor
39:22 Ballistics
39:09 Squires
40:51 Chain Mail Armor
45:26 Forging
48:33 Iron Casting
57:46 Imperial Age
55:09 Arson
57:47 Arbalester
58:30 Bracer
59:01 Plate Mail Armor
59:52 Chemistry
62:09 Conscription
66:34 Torsion Engines
68:24 Thumb Ring
67:59 Elite Skirmisher
74:23 Blast Furnace
74:11 Ring Archer Armor
74:50 Elite Shotel Warrior
Abacaxi de Marataízes ^_~
1:05 Loom
13:50 Feudal Age
15:18 Double-Bit Axe
23:02 Castle Age
24:49 Bow Saw
26:07 Fletching
27:12 Gold Mining
28:21 Andean Sling
30:07 Gold Shaft Mining
34:57 Imperial Age
32:21 Horse Collar
34:27 Medium Warships
34:16 Bodkin Arrow
35:14 Padded Archer Armor
36:25 Heavy Warships
36:51 Bracer
37:08 Leather Archer Armor
37:20 Conscription
37:28 Heavy Plow
38:38 Scale Mail Armor
38:49 Forging
40:05 Chain Mail Armor
42:09 Plate Mail Armor
43:50 Iron Casting
44:18 Chemistry
43:33 Careening
46:25 Blast Furnace
45:43 Leather Archer Armor
46:20 Masonry
55:28 Wheelbarrow
55:29 Fishing Lines
56:05 Town Watch
57:01 Hand Cart
57:35 Elite Skirmisher
58:48 Ring Archer Armor
57:49 Elite Kamayuk
58:35 Fabric Shields
59:08 Town Patrol
67:34 Caravan
73:12 Arson
73:27 Squires
75:05 Pikeman
76:45 Halberdier
80:01 Halberdier
82:08 Caravan
83:41 Guilds
84:04 Coinage
85:04 Capped Ram
85:07 Heavy Scorpion
90:23 Siege Ram
94:28 Champi Runner
Connection lost

Rejoining the realm…

Still unreachable

The connection could not be restored.

Session expired

The server has moved on; the page needs a fresh start.